 Dungeon Crawl Stone Soup version 0.31-a0-1071-gaead2f62b1 (webtiles) character file.

Game seed: 8525026137226339952

29625 Jeffwins the Jinx (level 13, -5/55 HPs)
             Began as a Felid Summoner on Nov 26, 2023.
             Was an Initiate of Gozag.
             Slain by a harpy simulacrum (10 damage)
             ... in an ice cave.
             The game lasted 00:48:55 (16947 turns).

Jeffwins the Jinx (Felid Summoner)                 Turns: 16947, Time: 00:48:55

Health: -5/55      AC:  7    Str:  4    XL:     13   Next: 16%
Magic:  23/23      EV: 19    Int: 21    God:    Gozag
Gold:   1300       SH:  0    Dex: 17    Spells: 2/24 levels left
                                        Lives:  0   Deaths: 5

rFire   . .          .
                       - Unarmed
rCold   + . .        (shield unavailable)
rNeg    . . .        (body armour unavailable)
rPois   +            (helmet unavailable)
rElec   .            (cloak unavailable)
rCorr   .            (gloves unavailable)
SInv    +            (boots unavailable)
Will    ++...        v - amulet of magic regeneration
Stlth   ++++         O - +4 ring of protection
HPRegen 0.29/turn    p - ring of the Bursted God {rPois Will+}
MPRegen 0.58/turn

%: no passive effects
@: mighty, about to teleport, constricted, quick
A: very small, claws 1, fangs 3, see invisible, speed 1, shaggy fur 3, stealthy
paws, no weapons or thrown items, no armour, multi-lived
a: Renounce Religion, Potion Petition, Call Merchant, Bribe Branch


You were in an ice cave.
You worshipped Gozag.
Gozag was most pleased with you.
You visited 2 branches of the dungeon, and saw 16 of its levels.
You also visited: Sewer, Ossuary and Ice Cave.

You collected 4137 gold pieces.
You spent 2775 gold pieces at shops.
You paid 62 gold pieces to Gozag.


Innate Abilities, Weirdness & Mutations

You have sharp claws.
You have razor-sharp teeth.
You have supernaturally acute eyesight. (SInv)
You cover ground quickly. (Speed+)
Your thick and shaggy fur keeps you warm. (AC +3, rC+)
Your paws help you pounce on unaware monsters.
You are incapable of wielding weapons or throwing items.
You cannot wear armour.
You gain extra lives every three experience levels.


   Skills:
 + Level 5.5 Fighting
 + Level 8.0 Dodging
 + Level 8.4 Stealth
 * Level 7.6 Unarmed Combat
 * Level 6.1 Spellcasting
 + Level 0.7 Conjurations
 * Level 8.9 Hexes
 * Level 8.7 Summonings
 * Level 5.4 Transmutations
 * Level 4.4 Fire Magic
 * Level 4.4 Ice Magic
 * Level 6.0 Air Magic
 * Level 5.9 Poison Magic
 + Level 5.4 Evocations
 * Level 5.3 Shapeshifting


You had 2 spell levels left.
You knew the following spells:

 Your Spells              Type           Power      Damage    Failure   Level
a - Olgreb's Toxic Radia  Pois           31%        N/A       9%          4
c - Call Imp              Summ           86%        N/A       1%          2
m - Mephitic Cloud        Conj/Pois/Air  24%        N/A       4%          3
o - Confusing Touch       Hex            44%        N/A       1%          3
v - Call Canine Familiar  Summ           43%        N/A       1%          3
x - Ignite Poison         Fire/Tmut/Pois 28%        N/A       3%          3
z - Poisonous Vapours     Pois/Air       62%        N/A       1%          2
Z - Ensorcelled Hibernat  Hex/Ice        68%        N/A       1%          2

Your spell library contained the following spells:

 Spells                   Type           Power      Damage    Failure   Level
 Freeze                   Ice            100%       1d10      1%          1
 Slow                     Hex            100%       N/A       1%          1
 Sting                    Tmut/Pois      100%       1d8       1%          1
 Summon Small Mammal      Summ           100%       N/A       1%          1
 Jinxbite                 Hex            88%        N/A       1%          2
 Cigotuvi's Dreadful Rot  Necr/Pois/Air  46%        N/A       2%          2
 Magic Dart               Conj           36%        1d4       7%          1
 Sigil of Binding         Hex            44%        N/A       1%          3
 Summon Guardian Golem    Hex/Summ       43%        N/A       1%          3
 Frozen Ramparts          Ice            50%        1d8       4%          3
 Summon Lightning Spire   Summ/Air       37%        N/A       4%          4
 Summon Mana Viper        Hex/Summ       43%        N/A       7%          5
 Hailstorm                Conj/Ice       17%        3d6       10%         3
 Anguish                  Hex/Necr       12%        N/A       16%         4
 Vampiric Draining        Necr           6%         2d6       28%         3
 Vhi's Electric Charge    Tloc/Air       38%        N/A       28%         4
 Summon Cactus Giant      Summ           21%        N/A       38%         6
 Summon Forest            Summ/Tloc      12%        N/A       41%         5
 Freezing Cloud           Conj/Ice/Air   11%        6-21      50%         5
 Arcjolt                  Conj/Air       10%        1d20      54%         5
 Eringya's Noxious Bog    Tmut/Pois      15%        4d6       80%         6
 Plasma Beam              Fire/Air       14%        2x1d25    86%         6
 Summon Hydra             Summ           21%        N/A       92%         7
 Orb of Destruction       Conj           4%         9d5       100%        7
 Spellforged Servitor     Conj/Summ      13%        N/A       100%        7

Inventory:

Jewellery
 m - an amulet of the acrobat
 p - the ring of the Bursted God (right paw) {rPois Will+}
   (You bought it in a shop on level 7 of the Dungeon)

   [ring of poison resistance]

   rPois:     It protects you from poison Will+: It increases your willpower.
 v - an amulet of magic regeneration (around neck)
 F - the amulet of the Majestic God {rElec rF+ Regen+ Dex+3}
   (You acquired it on level 1 of the Lair of Beasts)

   [amulet of regeneration]

   Dex+3:     It affects your dexterity (+3).
   rF+:       It protects you from fire.
   rElec:     It insulates you from electricity.
   Regen+:    It increases your rate of health regeneration.
 O - a +4 ring of protection (left paw)
 R - a ring of resist corrosion
 S - a +6 ring of strength
 X - a +6 ring of dexterity
 Z - a ring of wizardry
Talismans
 u - a serpent talisman
Wands
 n - a wand of charming (24)
 y - a wand of light (5)
 C - a wand of digging (16)
 D - a wand of roots (4)
 H - a wand of polymorph (5)
 K - a wand of mindburst (7)
Scrolls
 b - 2 scrolls of vulnerability {!r}
 d - a scroll of revelation
 e - 2 scrolls of teleportation {@r4}
 f - 2 scrolls of amnesia
 g - 4 scrolls of fog
 i - a scroll of torment {!r}
 j - 3 scrolls of fear
 l - 3 scrolls of blinking
 t - a scroll of butterflies
 E - a scroll of silence {!r}
 G - a scroll of immolation {!r}
Potions
 a - 2 potions of magic
 c - 8 potions of curing {@q1}
 h - 5 potions of lignification {!q}
 k - 4 potions of invisibility
 o - 6 potions of mutation {!q}
 q - 3 potions of heal wounds {@q2}
 r - 3 potions of resistance
 s - 3 potions of enlightenment
 w - a potion of attraction {!q}
 x - a potion of brilliance
 z - 4 potions of might
 A - 3 potions of cancellation
 B - a potion of ambrosia
 I - a potion of haste {@q3}
 L - a potion of degeneration {unknown}
Miscellaneous
 J - a lightning rod (4/4)

Dungeon Overview and Level Annotations

Branches:
Dungeon (11/15)            Temple (0/1) D:6            Lair (5/5) D:9
 Shoals (0/4) Lair:3       Spider (0/4) Lair:2        Slime (0/5) Lair:5
  Sewer (visited)         Ossuary (visited)           IceCv (1/1)
    Orc: D:9-12

Altars:
Dithmenos
Elyvilon
Gozag
Nemelex Xobeh
Uskayaw
Vehumet

Shops:
D:1 [   D:7 !(*=   D:8 *

Annotations:
D:9 3 runed translucent doors, R007833r's ghost, novice DsFE
Lair:3 Nessos IceCv exclusion: 3 ice statues

▒▒▒▒▒▒▒▒▒
▒:/.).?)▒
▒!.....!▒
▒).....(▒
▒Z@Y....▒
▒.ZW....▒
▒▒.....▒▒
▒▒...▒▒
▒▒8▒▒
▒▒...▒▒
▒▒...°.▒▒
▒8...○°°▒
▒....Y°☼▒


You could see an ice statue, a freezing wraith, an ice beast (summoned), an
anaconda simulacrum and a harpy simulacrum.


Message History

You scratch the ice statue but do no damage.
The ice statue is almost destroyed.
Your surroundings suddenly seem different.
An anaconda simulacrum, a freezing wraith and a harpy simulacrum come into view.
Found nine items.
The harpy simulacrum completely misses you.
The harpy simulacrum closely misses you.
The harpy simulacrum misses you. The harpy simulacrum barely misses you.
The ice beast hits you but does no damage.
Unknown command.
As you read the scroll of teleportation {@r4}, it crumbles to dust.
You feel strangely unstable.
The harpy simulacrum closely misses you.
The harpy simulacrum claws you but does no damage.
The harpy simulacrum misses you.
The harpy simulacrum completely misses you.
The ice beast misses you.
Unknown command.
You feel much better. The harpy simulacrum misses you.
The harpy simulacrum claws you! The harpy simulacrum freezes you! You resist.
* * * LOW HITPOINT WARNING * * *
The anaconda simulacrum grabs you. The anaconda simulacrum bites you.
* * * LOW HITPOINT WARNING * * *
The anaconda simulacrum freezes you! You resist.
* * * LOW HITPOINT WARNING * * *
The anaconda simulacrum constricts you.
* * * LOW HITPOINT WARNING * * *
The harpy simulacrum claws you!
You die...
Your body crumbles into a pile of gold.

Skill      XL: |  1  2  3  4  5  6  7  8  9 10 11 12 13 |
---------------+----------------------------------------+-----
Dodging        | 3 4 5 6 7 8 |  8.0
Stealth        | 3 4 5 6 7 8 |  8.4
Unarmed Combat | 1 2 3 4 5 6 7 |  7.6
Fighting       | 1 2 3 4 5 |  5.5
Summonings     | 5 6 7 8 |  8.7
Spellcasting   | 3 4 5 6 |  6.1
Hexes          | 1 2 3 4 6 7 8 |  8.9
Evocations     | 1 2 3 4 5 |  5.4
Air Magic      | 1 2 3 4 5 6 |  6.0
Poison Magic   | 1 2 3 4 5 |  5.9
Ice Magic      | 1 3 4 |  4.4
Shapeshifting  | 1 3 4 5 |  5.3
Transmutations | 2 4 5 |  5.4
Fire Magic     | 2 3 4 |  4.4
Conjurations   | |  0.7

Action                     |  1- 3 |  4- 6 |  7- 9 | 10-12 | 13-15 || total
---------------------------+-------+-------+-------+-------+-------++-------
  Melee: Unarmed           |   138 |    72 |   487 |   146 |    37 ||   880
         Bite              |    10 |     6 |    59 |    24 |     5 ||   104
         Punch             |     3 |     3 |    17 |    15 |     2 ||    40
   Cast: Summon Small Mamm |     4 |     3 |     2 |       |       ||     9
         Call Imp          |     6 |     9 |    34 |    15 |       ||    64
         Call Canine Famil |       |     9 |    31 |     9 |       ||    49
         Poisonous Vapours |       |       |    69 |   230 |    15 ||   314
         Confusing Touch   |       |       |     6 |     9 |       ||    15
         Ensorcelled Hiber |       |       |     5 |    25 |     3 ||    33
         Ignite Poison     |       |       |     1 |    96 |    13 ||   110
         Olgreb's Toxic Ra |       |       |       |     5 |       ||     5
         Mephitic Cloud    |       |       |       |     2 |     6 ||     8
  Evoke: Wand              |       |       |       |     3 |     1 ||     4
         Lightning rod     |       |       |       |     3 |       ||     3
    Use: Scroll            |       |     1 |    11 |    15 |     2 ||    29
         Potion            |       |       |       |     1 |     2 ||     3
   Stab: Sleeping          |     7 |     6 |     7 |    25 |     4 ||    49
         Distracted        |     1 |       |    15 |     1 |       ||    17
         Confused          |       |       |     4 |     5 |       ||     9
         Fleeing           |       |       |       |     1 |       ||     1
 Armour: Skin              |    43 |    20 |   117 |    65 |    39 ||   284
  Dodge: Dodged            |   149 |    43 |   482 |   143 |    52 ||   869

Levels and vault maps discovered:
D:1:      nicolae_arrival_washed_ashore, layout_rooms, serial_shops, shop
D:2:      layout_loops_ring, basic_altar
D:3:      layout_loops_corners, minmay_misc_feat_square,
          kennysheep_generic_room_10
D:4:      layout_rooms, kennysheep_mini_moat, chequers_mini_garden
D:5:      minmay_polygon_palace, layout_rooms, gammafunk_temple_overflow_pools
D:6:      layout_rooms, minmay_temple_entry_offerings,
          mainiacjoe_sewer_entry_somewhere_in_here_2,
          hangedman_abyss_or_decor_stabs, nicolae_hexahallways
D:7:      layout_loops_corners, lightli_ossuary_entry_decrepit_ruins,
          serial_shops, shop, nicolae_shop_waterfront, shop,
          nicolae_shop_peninsula, shop
D:8:      layout_loops_ring, serial_shops, nicolae_shop_advertising_works
          [nicolae_subvault_shop_adworks], david_defended_altar_orc
D:9:      layout_basic, dpeg_lair_monsters, gammafunk_ghost_nasty_kobolds,
          nicolae_tricolors, uniq_maggie
D:10:     layout_basic, mainiacjoe_overflow_swirl, kennysheep_small_square,
          uniq_sonja
D:11:     minmay_blocky_corners, layout_irregular_city
Lair:1:   layout_cave_pods, beast_lair_carwin_1, grunt_megastairs_3,
          serial_bayou_shore_a, lemuel_fruit_tree, lemuel_fruit_fields
Lair:2:   layout_chaotic_city, hellmonk_spider_entry_life_and_decay
Lair:3:   layout_gridlike, minmay_shoals_entry_beasts, portal_ice_cave_rime,
          uniq_nessos, uniq_snorg
Lair:4:   layout_gridlike
Lair:5:   hangedman_lair_tendril_chambers, layout_misc_corridors, wormcave,
          slime_entry_1
IceCv:    ice_cave_statue_garden_chambered

Notes
Turn   | Place    | Note
-------+----------+-------------------------------------------
     0 | D:1      | Jeffwins the Felid Summoner began the quest for the Orb.
     0 | D:1      | Reached XP level 1. HP: 7/7 MP: 4/4
    56 | D:1      | Reached skill level 3 in Dodging
    56 | D:1      | Reached skill level 3 in Stealth
    86 | D:1      | Reached XP level 2. HP: 10/11 MP: 6/6
    89 | D:1      | Learned a level 2 spell: Call Imp
   190 | D:1      | Found Komil's Armour Boutique.
   312 | D:1      | Slain by a quokka
   791 | D:2      | Found a radiant altar of Vehumet.
   798 | D:2      | Reached XP level 3. HP: 15/15 MP: 7/7
   818 | D:2      | Learned a level 3 spell: Call Canine Familiar
  1177 | D:2      | Reached skill level 1 in Unarmed Combat
  1261 | D:2      | Reached XP level 4. HP: 8/18 MP: 4/8
  1573 | D:3      | Noticed a phantom
  1582 | D:3      | Killed a phantom
  1583 | D:3      | Reached skill level 1 in Fighting
  1583 | D:3      | Reached XP level 5. HP: 14/22 MP: 3/9
  1661 | D:3      | Reached skill level 2 in Unarmed Combat
  1964 | D:3      | Noticed an ogre
  1979 | D:3      | Killed an ogre
  1980 | D:3      | Reached skill level 4 in Dodging
  1980 | D:3      | Reached skill level 4 in Stealth
  1980 | D:3      | Reached skill level 5 in Summonings
  1980 | D:3      | Gained mutation: You are covered in thick fur. (AC +2)
                  | [Felid growth]
  1980 | D:3      | Reached XP level 6. HP: 26/26 MP: 5/11
  2200 | D:3      | HP: 2/26 [orc wizard/puff of flame (4)]
  2858 | D:4      | Noticed an ice beast
  2865 | D:4      | Learned a level 3 spell: Confusing Touch
  2874 | D:4      | Killed an ice beast
  2875 | D:4      | Reached skill level 2 in Fighting
  2875 | D:4      | Reached skill level 3 in Unarmed Combat
  2875 | D:4      | Reached skill level 3 in Spellcasting
  2978 | D:4      | Learned a level 2 spell: Poisonous Vapours
  2983 | D:4      | Reached skill level 1 in Hexes
  2983 | D:4      | Reached XP level 7. HP: 22/30 MP: 5/12
  3119 | D:4      | HP: 3/30 [orc priest/+0 hand axe (1)]
  3243 | D:3      | Reached skill level 1 in Evocations
  3318 | D:4      | Found an opulent altar of Gozag.
  3328 | D:4      | Became a worshipper of Gozag Ym Sagoz the Greedy
  3517 | D:4      | Reached skill level 1 in Air Magic
  3701 | D:4      | Reached skill level 1 in Poison Magic
  3993 | D:5      | Entered Level 5 of the Dungeon
  4030 | D:4      | Reached skill level 2 in Hexes
  4113 | D:4      | Reached skill level 5 in Stealth
  4184 | D:5      | Reached XP level 8. HP: 34/34 MP: 13/13
  4306 | D:5      | Reached skill level 5 in Dodging
  4306 | D:5      | Reached skill level 2 in Air Magic
  4363 | D:5      | Reached skill level 4 in Unarmed Combat
  4363 | D:5      | Reached skill level 6 in Summonings
  4363 | D:5      | Reached skill level 2 in Poison Magic
  4363 | D:5      | Reached skill level 2 in Evocations
  4505 | D:5      | Reached skill level 3 in Fighting
  4619 | D:5      | Reached skill level 3 in Hexes
  5326 | D:5      | Found a shadowy altar of Dithmenos.
  5327 | D:5      | Found a hide-covered altar of Uskayaw.
  5528 | D:5      | Reached XP level 9. HP: 20/38 MP: 10/15
  6031 | D:6      | Reached skill level 3 in Air Magic
  6120 | D:6      | Found a glowing drain.
  6124 | Sewer    | Entered a sewer
  6193 | Sewer    | Learned a level 2 spell: Ensorcelled Hibernation
  6438 | Sewer    | Reached skill level 3 in Poison Magic
  7073 | D:6      | HP: 2/38 [orc warrior/+0 dire flail (14)]
  7076 | D:6      | Mangled by an orc warrior
  7181 | D:6      | Reached skill level 1 in Ice Magic
  7249 | D:6      | Reached skill level 4 in Hexes
  7279 | D:6      | Reached skill level 6 in Stealth
  7279 | D:6      | Reached skill level 5 in Unarmed Combat
  7279 | D:6      | Reached skill level 3 in Evocations
  7305 | D:6      | Found a staircase to the Ecumenical Temple.
  7405 | D:6      | Reached skill level 4 in Spellcasting
  7557 | D:6      | Reached skill level 6 in Dodging
  7557 | D:6      | Reached skill level 1 in Shapeshifting
  7770 | D:7      | Found Gem Juh's Weapon Shoppe.
  8137 | D:7      | Found a sand-covered staircase.
  8146 | Ossuary  | Entered an ossuary
  8577 | Ossuary  | Identified 2 scrolls of acquirement
  8581 | D:7      | Acquired a Trismegistus Codex
  8583 | D:7      | Acquired 460 gold pieces
  8589 | D:7      | Learned a level 3 spell: Ignite Poison
  8623 | D:7      | Found Boavej's Jewellery Boutique.
  8631 | D:7      | Bought the ring of the Bursted God {rPois Will+} for 423
                  | gold pieces
  8631 | D:7      | Bought an amulet of magic regeneration for 390 gold pieces
  8813 | D:7      | Found Vihonepp's Distillery.
  8818 | D:7      | Bought a potion of attraction for 36 gold pieces
  8818 | D:7      | Bought a potion of heal wounds for 60 gold pieces
  8818 | D:7      | Bought 2 potions of enlightenment for 120 gold pieces
  8818 | D:7      | Bought a potion of brilliance for 48 gold pieces
  8818 | D:7      | Bought a potion of might for 48 gold pieces
  8818 | D:7      | Bought a potion of mutation for 96 gold pieces
  8818 | D:7      | Bought a potion of resistance for 120 gold pieces
  8818 | D:7      | Bought a potion of invisibility for 96 gold pieces
  8818 | D:7      | Bought a potion of curing for 36 gold pieces
  8876 | D:7      | Reached XP level 10. HP: 42/42 MP: 17/17
  8880 | D:7      | Found Nenni's Distillery.
  8886 | D:7      | Bought a potion of curing for 33 gold pieces
  8886 | D:7      | Bought 2 potions of cancellation for 176 gold pieces
  8886 | D:7      | Bought a potion of cancellation for 88 gold pieces
  8886 | D:7      | Bought a potion of mutation for 88 gold pieces
  8886 | D:7      | Bought a potion of mutation for 88 gold pieces
  8886 | D:7      | Bought a potion of lignification for 33 gold pieces
  9057 | D:7      | Reached skill level 2 in Ice Magic
  9057 | D:7      | Reached skill level 2 in Shapeshifting
  9065 | D:7      | Reached skill level 5 in Hexes
  9136 | D:7      | Found Leos's Assorted Antiques.
  9147 | D:7      | Bought 2 scrolls of identify for 112 gold pieces
  9147 | D:7      | Bought a scroll of identify for 56 gold pieces
  9147 | D:7      | Bought a scroll of identify for 56 gold pieces
  9337 | D:8      | Reached skill level 4 in Fighting
  9337 | D:8      | Reached skill level 7 in Summonings
  9349 | D:8      | Reached skill level 4 in Air Magic
  9829 | D:8      | Noticed a gargoyle
  9843 | D:8      | Mangled by a gargoyle
  9982 | D:8      | Reached skill level 1 in Transmutations
 10109 | D:8      | Reached skill level 1 in Fire Magic
 10143 | D:8      | Found Yfrops's General Store.
 10194 | D:8      | You fall into a shaft and drop 1 floor!
 10196 | D:9      | Noticed a death yak
 10202 | D:9      | Noticed a death yak
 10203 | D:9      | Killed a death yak
 10204 | D:9      | Noticed a death yak
 10292 | D:10     | Entered Level 10 of the Dungeon
 10363 | D:9      | Found a staircase to the Lair.
 10387 | D:9      | Noticed a brown ugly thing
 10396 | D:9      | Killed a brown ugly thing
 10397 | D:9      | Reached skill level 2 in Transmutations
 10397 | D:9      | Reached skill level 4 in Poison Magic
 10463 | D:9      | Killed a death yak
 10471 | D:9      | Killed a death yak
 10472 | D:9      | Reached skill level 7 in Stealth
 10472 | D:9      | Reached skill level 6 in Unarmed Combat
 10472 | D:9      | Reached skill level 6 in Hexes
 10472 | D:9      | Reached skill level 2 in Fire Magic
 10472 | D:9      | Reached skill level 4 in Evocations
 10472 | D:9      | Reached skill level 3 in Shapeshifting
 10618 | D:9      | Noticed R007833r's ghost (novice DsFE)
 10618 | D:9      | Found a runed translucent gate.
 10619 | D:9      | Found a runed translucent gate.
 10619 | D:9      | Found a runed translucent gate.
 10703 | D:9      | Noticed Maggie
 10707 | D:9      | Killed Maggie
 11005 | D:9      | Reached skill level 3 in Ice Magic
 11043 | D:9      | Acquired a book of the Wilderness
 11374 | D:10     | Reached XP level 11. HP: 40/46 MP: 14/18
 11862 | D:10     | Found a sparkling altar of Nemelex Xobeh.
 11887 | D:10     | Found a white marble altar of Elyvilon.
 12026 | D:10     | Noticed Sonja
 12033 | D:10     | Killed Sonja
 12034 | D:10     | Reached skill level 3 in Transmutations
 12197 | D:10     | Learned a level 4 spell: Olgreb's Toxic Radiance
 12486 | D:11     | Noticed a boulder beetle
 12492 | D:11     | Killed a boulder beetle
 12493 | D:11     | Reached skill level 7 in Dodging
 12553 | D:11     | Noticed a tengu warrior
 12558 | D:11     | Killed a tengu warrior
 12587 | D:11     | Reached skill level 5 in Spellcasting
 12910 | D:11     | Noticed a red ugly thing
 12925 | D:11     | Killed a red ugly thing
 12926 | D:11     | Reached skill level 5 in Air Magic
 13134 | D:11     | Noticed a death knight
 13187 | Lair:1   | Entered Level 1 of the Lair of Beasts
 13316 | Lair:1   | Reached skill level 7 in Hexes
 13316 | Lair:1   | Reached skill level 3 in Fire Magic
 13716 | Lair:1   | Acquired the amulet of the Majestic God {rElec rF+ Regen+
                  | Dex+3}
 13900 | Lair:1   | Reached skill level 4 in Shapeshifting
 14182 | Lair:1   | Reached skill level 8 in Summonings
 14182 | Lair:1   | Reached skill level 4 in Transmutations
 14182 | Lair:1   | Reached skill level 5 in Poison Magic
 14182 | Lair:1   | Gained mutation: Your thick and shaggy fur keeps you warm.
                  | (AC +3, rC+) [Felid growth]
 14182 | Lair:1   | Reached XP level 12. HP: 31/51 MP: 7/20
 14186 | Lair:1   | Reached skill level 5 in Fighting
 15015 | Lair:2   | Noticed an eight-headed hydra
 15127 | D:8      | Bought a lightning rod (4/4) for 440 gold pieces
 15127 | D:8      | Bought 3 potions of might for 132 gold pieces
 15241 | Lair:2   | Killed an eight-headed hydra
 15242 | Lair:2   | Reached skill level 7 in Unarmed Combat
 15250 | Lair:2   | Reached skill level 8 in Stealth
 15250 | Lair:2   | Reached skill level 8 in Hexes
 15298 | Lair:2   | Reached skill level 5 in Evocations
 15520 | Lair:2   | Reached skill level 4 in Fire Magic
 15700 | Lair:2   | Reached skill level 4 in Ice Magic
 15709 | Lair:2   | Reached skill level 5 in Shapeshifting
 15856 | Lair:2   | Reached skill level 5 in Transmutations
 16057 | Lair:2   | Found a hole to the Spider Nest.
 16225 | Lair:3   | Learned a level 3 spell: Mephitic Cloud
 16277 | Lair:3   | Reached skill level 6 in Spellcasting
 16332 | Lair:3   | You fall into a shaft and drop 2 floors!
 16332 | Lair:5   | Entered Level 5 of the Lair of Beasts
 16346 | Lair:5   | Found a staircase to the Slime Pits.
 16362 | Lair:3   | Found a staircase to the Shoals.
 16378 | Lair:3   | Reached skill level 6 in Air Magic
 16378 | Lair:3   | Reached XP level 13. HP: 41/55 MP: 1/23
 16515 | Lair:3   | Noticed Nessos
 16518 | Lair:3   | Shot with an arrow by Nessos
 16537 | Lair:3   | HP: 3/55 [Nessos/arrow (15)]
 16537 | Lair:3   | Shot with an arrow by Nessos
 16546 | Lair:3   | Noticed Snorg
 16552 | Lair:3   | Killed Snorg
 16639 | Lair:3   | Found a frozen archway.
 16662 | IceCv    | Entered an ice cave
 16689 | IceCv    | Reached skill level 8 in Dodging
 16945 | IceCv    | Found the +8 frozen axe "Frostbite" {freeze, freezing
                  | cloud, *Noise Fly rC+}
 16947 | IceCv    | HP: 5/55 [constriction (2)]
 16947 | IceCv    | Slain by a harpy simulacrum

Vanquished Creatures
  Snorg (Lair:3)
  A hydra (Lair:2)
  A boulder beetle (D:11)
  A tengu warrior (D:11)
  3 death yaks (D:9)
  Sonja (D:10)
  2 skysharks (Lair:2)
  3 ugly things
  2 manticores (Lair:3)
  6 elephants
  A black mamba (Lair:1)
  Maggie (D:9)
  12 cane toads
  An unseen horror (D:11)
  4 komodo dragons
  3 rime drakes
  An anaconda simulacrum (IceCv)
  A kobold demonologist (D:11)
  A polar bear (Lair:2)
  A hornet (D:11)
  4 blink frogs (Lair:2)
  5 culicivoras (Lair:2)
  2 wyverns
  A vampire (D:11)
  12 yaks
  3 basilisks
  A wraith (D:10)
  3 steam dragons
  A death yak simulacrum (IceCv)
  An acid dragon (D:11)
  11 water moccasins
  6 orc warriors
  A black bear (shapeshifter) (D:11)
  3 black bears
  3 ice beasts
  A sky beast (D:7)
  2 ogres (D:5)
  3 centaurs
  A phantom (D:4)
  A kobold brigand (D:11)
  16 bullfrogs
  A cane toad simulacrum (IceCv)
  3 scorpions
  An elephant simulacrum (IceCv)
  8 killer bees
  8 howler monkeys
  An electric eel (Lair:1)
  A jelly (D:5)
  4 hounds
  A human zombie (Ossuary)
  11 orc priests
  A sleepcap (D:6)
  2 gnoll boudas
  3 iguanas
  13 orc wizards
  A hell rat (D:9)
  2 polar bear simulacra (IceCv)
  A mummy (Ossuary)
  7 gnolls
  10 adders
  5 river rats
  A shadow imp (D:5)
  A white imp (D:5)
  An ufetubus (D:4)
  An adder zombie (Ossuary)
  A worm (D:4)
  2 dart slugs
  21 orcs
  13 ball pythons
  8 endoplasms
  3 giant cockroaches
  8 goblins
  4 hobgoblins
  3 jackals (D:2)
  7 quokkas
  4 bats
  7 frilled lizards
  A goblin zombie (Ossuary)
  16 hobgoblin zombies (Ossuary)
  2 jackal zombies (Ossuary)
  10 kobolds
  4 kobold zombies (Ossuary)
  4 orc zombies (Ossuary)
  22 rats
  2 rat zombies (Ossuary)
  A butterfly (Lair:1)
359 creatures vanquished.

Vanquished Creatures (collateral kills)
  2 cane toads (Lair:1)
  A yak (D:5)
  2 water moccasins
  A black bear (D:5)
  2 ogres
  2 phantoms (D:3)
  An elf zombie (Ossuary)
  A bullfrog (Sewer)
  A howler monkey (D:5)
  A hound (D:5)
  A gnoll bouda (D:5)
  4 orc priests
  An orc wizard (D:3)
  A mummy (Ossuary)
  A gnoll (D:4)
  4 adders
  2 river rats (Sewer)
  A howler monkey simulacrum (D:11)
  An adder zombie (Ossuary)
  3 worms (D:2)
  A dart slug (D:5)
  12 orcs
  5 ball pythons
  A bat (D:1)
  An endoplasm (Sewer)
  A goblin (D:4)
  A hobgoblin (D:4)
  A quokka (D:1)
  2 frilled lizards (Sewer)
  3 hobgoblin zombies (Ossuary)
  An orc zombie (Ossuary)
  12 rats
  A butterfly (Lair:1)
75 creatures vanquished.

Grand Total: 434 creatures vanquished

Table legend: (Time is in decaauts)
 A = Elapsed time spent in this place.
 B = Non-inter-level travel time spent in this place.
 C = Inter-level travel time spent in this place.
 D = Time resting spent in this place.
 E = Time spent auto-exploring this place.
 F = Levels seen in this place.
 G = Mean time per level.
                   A        B        C        D        E       F      G
               +--------+--------+--------+--------+--------+-----+--------+
         Total |  15040 |  14600 |    440 |   1283 |   9808 |  19 |  791.6 |
       Dungeon |  10856 |  10528 |    328 |    839 |   7323 |  11 |  986.9 |
          Lair |   2934 |   2822 |    112 |    301 |   1769 |   5 |  586.8 |
         Sewer |    588 |    588 |      0 |      0 |    423 |   1 |  588.0 |
       Ossuary |    386 |    386 |      0 |      7 |    212 |   1 |  386.0 |
      Ice Cave |    274 |    274 |      0 |    135 |     79 |   1 |  274.0 |
               +--------+--------+--------+--------+--------+-----+--------+

Top non-repeatable levels by time:
  Lair:1: 1602 daAuts
     D:5: 1587 daAuts
     D:4: 1261 daAuts
     D:3: 1186 daAuts
     D:7: 1105 daAuts
     D:9: 1015 daAuts
  Lair:2: 956 daAuts
     D:6: 953 daAuts
    D:10: 853 daAuts
     D:8: 783 daAuts
    D:11: 769 daAuts
     D:1: 679 daAuts
     D:2: 660 daAuts
   Sewer: 588 daAuts
 Ossuary: 386 daAuts

Table legend:
 A = Non-vault XP
 B = Vault XP
 C = Vault XP percentage of total XP
 D = Non-vault monster count
 E = Vault monster count
 F = Vault count percentage of total count
                 A         B        C        D         E       F
            +---------+---------+-------+---------+---------+-------
      Total |   26410 |   15912 |  37.6 |     270 |     162 |  37.5
            +---------+---------+-------+---------+---------+-------
        D:1 |      39 |       0 |   0.0 |      25 |       0 |   0.0
        D:2 |      67 |       0 |   0.0 |      21 |       0 |   0.0
        D:3 |     397 |     122 |  23.5 |      25 |       1 |   3.8
        D:4 |     692 |      91 |  11.6 |      28 |       2 |   6.7
        D:5 |     301 |    1280 |  81.0 |      13 |      18 |  58.1
        D:6 |     899 |      19 |   2.1 |      16 |       6 |  27.3
        D:7 |    1454 |       0 |   0.0 |      19 |       0 |   0.0
        D:8 |     837 |     126 |  13.1 |      18 |       3 |  14.3
        D:9 |    1104 |    2890 |  72.4 |      10 |      12 |  54.5
       D:10 |     872 |    1676 |  65.8 |      13 |       4 |  23.5
       D:11 |    3238 |     963 |  22.9 |      22 |       3 |  12.0
     Lair:1 |    4080 |    2948 |  41.9 |      22 |      10 |  31.2
     Lair:2 |    9039 |    1130 |  11.1 |      25 |       5 |  16.7
     Lair:3 |    3391 |    2819 |  45.4 |      13 |       5 |  27.8
      Sewer |       0 |     357 | 100.0 |       0 |      47 | 100.0
    Ossuary |       0 |     215 | 100.0 |       0 |      39 | 100.0
      IceCv |       0 |    1276 | 100.0 |       0 |       7 | 100.0
            +---------+---------+-------+---------+---------+-------
